 Dungeon Crawl Stone Soup version 0.17-a0-1711-gc5340a3 (webtiles) character file.

22 hexophile the Chopper (level 2, 0/23 HPs)
             Began as a Centaur Chaos Knight on Aug 22, 2015.
             Slain by an orc wizard
             ... wielding a cursed -2 dagger
              (3 damage)
             ... on level 1 of the Dungeon.
             The game lasted 00:01:00 (2014 turns).

hexophile the Chopper (Centaur Chaos Knight)        Turns: 2014, Time: 00:01:00

Health: 0/23       AC:  6    Str: 14    XL:     2   Next: 68%
Magic:  2/2        EV:  9    Int: 11    God:    Xom [..*...]
Gold:   16         SH:  0    Dex:  8    Spells: 0 memorised, 1 level left

rFire  . . .     SeeInvis .     a - +0 hand axe (chaos)
rCold  . . .     Clarity  .     b - +2 leather armour
rNeg   . . .     SustAt   .     (no shield)
rPois  .         Gourm    .     (no helmet)
rElec  .         Spirit   .     (no cloak)
rCorr  .         Warding  .     (no gloves)
rMut   .         Stasis   .     (no barding)
MR     .....                    (no amulet)
Stlth  ..........               (no ring)
                                (no ring)

@: very quick, not resistant to hostile enchantments, extremely unstealthy
A: hooves 3, deformed body, speed 2, frail 1, slow healing 1, tough skin 3
a: Renounce Religion


You were on level 1 of the Dungeon.
You worshipped Xom.
You were a toy of Xom.
You were not hungry.

You visited 1 branch of the dungeon, and saw 1 of its levels.

You collected 16 gold pieces.

Inventory:

Hand weapons
 a - a +0 hand axe of chaos (weapon)
Armour
 b - a +2 leather armour (worn)
Jewellery
 e - a +2 ring of evasion {unknown}
 f - a cursed ring of teleportation {unknown}
Scrolls
 g - a scroll of magic mapping {unknown}
 i - a scroll of identify {unknown}
Comestibles
 c - 3 bread rations


   Skills:
 - Level 3.0 Fighting
 + Level 3.6 Axes
 - Level 1.3 Armour
 - Level 0.6 Dodging


You had one spell level left.
You didn't know any spells.

Dungeon Overview and Level Annotations

Branches:
Dungeon (1/15)

Altars:


Innate Abilities, Weirdness & Mutations

You have hooves in place of feet.
Armour fits poorly on your strangely shaped body.
You cover ground very quickly.
You have extremely tough skin (AC +3).
You are frail (-10% HP).
You heal slowly when monsters are visible.


Message History

You hit the orc but do no damage. The orc wizard hits you with a dagger.
The orc hits you but does no damage.
You barely miss the orc wizard.
The orc wizard is heavily wounded.
You hit the orc.
The orc is severely wounded.
The orc wizard hits you but does no damage. x2
The orc hits you but does no damage.
You closely miss the orc. Your kick misses the orc.
The orc is severely wounded.
You closely miss the orc. You barely miss the orc wizard.
The orc wizard is heavily wounded.
The orc wizard gestures at you while chanting.
The puff of frost hits you!
* * * LOW HITPOINT WARNING * * *
The orc hits you.
* * * LOW HITPOINT WARNING * * *
The orc barely misses you. The orc wizard hits you with a dagger.
You die...
Xom snickers!

#......####'##..........# #.
####.......................# #.
..................#'########## #.
..................#.'...)♣P#P###.
..............(...#.#≈≈≈..♣P#.♣##
..........##......(.##≈8....<♣ #
..........##........#≈≈≈..♣P#.♣##
........####...ooo..'....♣P#P###.
..##....# #....@...##########...
..####### #........'.....#....##
..# #........#...#.#.##### ..#
#...%....#...+...# # ...
#........#...#...# $..
#........#...##..#
#........#...+..>#
##########...###+# ,, #....


You could see an orc wizard and 2 orcs.

Vanquished Creatures
  A gnoll (D:1)
  4 hobgoblins (D:1)
  A kobold (D:1)
  A ball python (D:1)
  3 bats (D:1)
  A giant newt (D:1)
  A rat (D:1)
12 creatures vanquished.

Notes
Turn   | Place    | Note
--------------------------------------------------------------
     0 | D:1      | hexophile the Centaur Chaos Knight began the quest for the Orb.
     0 | D:1      | Reached XP level 1. HP: 19/19 MP: 1/1
    56 | D:1      | XOM: harmless Conj miscast
   117 | D:1      | Reached XP level 2. HP: 9/26 MP: 2/2
   395 | D:1      | XOM: divination: magic mapping
   850 | D:1      | XOM is BORED!
   850 | D:1      | XOM: severe Chrm miscast
   865 | D:1      | XOM: harmless Erth miscast
   873 | D:1      | Gained mutation: You are frail (-10% HP). [mutagenic glow]
   930 | D:1      | Gained mutation: You heal slowly when monsters are visible. [mutagenic glow]
  1389 | D:1      | XOM: summons 5 hostile shadow creatures
  1928 | D:1      | XOM: 3-stop teleportation journey
  1938 | D:1      | XOM: noise
  2011 | D:1      | XOM: enchant monster (bad)
  2014 | D:1      | Slain by an orc wizard

Vault maps used:
D:1:      tarquinn_simple_flora_water_d

Action                   || total
-------------------------++-------
Melee: Hand axe          ||    37
  Eat: Meat ration       ||     1
